 Dungeon Crawl Stone Soup version 0.19.3-4-gbf9329e (webtiles) character file.

100 Patate the Sneak (level 4, 0/21 HPs)
             Began as a Spriggan Enchanter on Jan 29, 2017.
             Succumbed to a gnoll's poison
             ... on level 3 of the Dungeon.
             The game lasted 00:10:13 (3102 turns).

Patate the Sneak (Spriggan Enchanter)               Turns: 3102, Time: 00:10:14

Health: 0/21       AC:  3    Str:  5    XL:     4   Next: 47%
Magic:  6/9        EV: 19    Int: 16    God:
Gold:   96         SH:  0    Dex: 16    Spells: 2 memorised, 5 levels left

rFire  . . .     SeeInvis +     g - +0 dagger (distort)
rCold  . . .     Gourm    .     b - +1 robe
rNeg   . . .     Faith    .     (shield restricted)
rPois  .         Spirit   .     (helmet restricted)
rElec  .         Reflect  .     (no cloak)
rCorr  .         Harm     .     (gloves unavailable)
MR     .....                    (boots unavailable)
Stlth  ++++......               (no amulet)
                                (no ring)
                                (no ring)

@: lethally poisoned (0 -> -8), very quick
A: unfitting armour, see invisible, herbivore 3, speed 3, slow metabolism 2
a: no special abilities


You were on level 3 of the Dungeon.
You were not hungry.

You visited 1 branch of the dungeon, and saw 3 of its levels.

You collected 96 gold pieces.

Inventory:

Hand Weapons
 a - a +1 dagger
 g - a +0 dagger of distortion (weapon)
Armour
 b - a +1 robe (worn)
Wands
 j - a wand of acid (10/15)
Scrolls
 e - a scroll of fear {unknown}
 i - a scroll of identify
 o - a scroll of remove curse {unknown}
 q - a scroll of amnesia {unknown}
Potions
 f - 2 potions of berserk rage
 h - a potion of agility
 k - a potion of magic {unknown}
 l - a potion of flight {unknown}
 m - 4 potions of curing {unknown}
 n - a potion of lignification {unknown}
 p - a potion of resistance {unknown}
Books
 c - a book of Maledictions

   Spells                             Type                      Level
   a - Corona                         Hexes                        1
   b - Ensorcelled Hibernation        Hexes/Ice                    2
   c - Confuse                        Hexes                        3
   d - Tukima's Dance                 Hexes                        3
   e - Dazzling Spray                 Conjuration/Hexes            3
Comestibles
 d - a bread ration


   Skills:
 + Level 1.8 Short Blades
 + Level 3.6 Dodging
 - Level 7.5 Stealth
 - Level 2.6 Spellcasting
 - Level 3.6 Hexes


You had 5 spell levels left.
You knew the following spells:

 Your Spells              Type           Power        Failure   Level  Hunger
a - Corona                Hex            ##.....      6%          1    #......
b - Ensorcelled Hibernat  Hex/Ice        #.....       17%         2    ##.....


Dungeon Overview and Level Annotations

Branches:
Dungeon (3/15)

Altars:


Innate Abilities, Weirdness & Mutations

You are very small and have problems with some larger weapons.
You are too small for most types of armour.
You have supernaturally acute eyesight. (SInv)
You are a herbivore.
You cover ground extremely quickly.
You need consume almost no food.


Message History

Press: ? - help, Shift-Dir - straight line, f/p - gnoll
Aim: a gnoll, wielding a halberd of venom (lightly wounded, chance to defeat MR: 48%)
The gnoll looks drowsy...
You feel sick.
The helpless gnoll fails to defend itself.
You impale the gnoll!!
You kill the gnoll!
You feel sick.
You hit the gnoll but do no damage.
Space bends around the gnoll.
The gnoll is moderately wounded.
The gnoll hits you.
* * * LOW HITPOINT WARNING * * *
The gnoll shaman calls upon its god to heal the gnoll.
The gnoll's wounds heal themselves!
* * * LOW HITPOINT WARNING * * *
You feel sick.
Found 12 gold pieces.
* * * LOW HITPOINT WARNING * * *
You feel sick.
Okay, then.
You die...

..g..#g#
.g.g.#.#.#
####g#.#g# #
#.#.# #.#g#
#.#.#
###.#.#.##
.........#
###.#.#@.#
#.#..# .
...# ....$##
....#.#
#########
#####......
####.......#
#..........#


You could see a gnoll shaman and a gnoll.

Vanquished Creatures
  2 adders
  A gnoll (D:3)
  An ooze (D:3)
  3 worms
  4 leopard geckos (D:2)
  An orc (D:3)
  2 giant cockroaches
  9 goblins
  7 hobgoblins
  2 jackals (D:2)
  6 kobolds
  A ball python (D:3)
  3 bats
  4 frilled lizards
  7 rats
53 creatures vanquished.

Vanquished Creatures (others)
  A leopard gecko (D:1)
  A giant cockroach (D:1)
  A ball python (D:2)
  2 rats (D:1)
5 creatures vanquished.

Grand Total: 58 creatures vanquished

Notes
Turn   | Place    | Note
-------+----------+-------------------------------------------
     0 | D:1      | Patate the Spriggan Enchanter began the quest for the Orb.
     0 | D:1      | Reached XP level 1. HP: 9/9 MP: 5/5
   135 | D:1      | Reached skill level 5 in Stealth
  1076 | D:1      | Reached XP level 2. HP: 13/13 MP: 6/6
  1080 | D:1      | Learned a level 2 spell: Ensorcelled Hibernation
  1293 | D:1      | Reached skill level 6 in Stealth
  1488 | D:1      | Reached XP level 3. HP: 15/16 MP: 8/8
  2122 | D:2      | Reached skill level 7 in Stealth
  2683 | D:3      | Reached XP level 4. HP: 21/21 MP: 9/9
  3099 | D:3      | HP: 1/21 [poisoned by a gnoll]
  3102 | D:3      | Succumbed to a gnoll's poison

Skill      XL: |  1  2  3 |
---------------+----------+-----
Stealth        | 5 6 7 |  7.5
Short Blades   | |  1.8
Dodging        | |  3.6
Spellcasting   | |  2.6
Hexes          | |  3.6

Action                   |  1- 3 |  4- 6 || total
-------------------------+-------+-------++-------
Melee: Dagger            |   143 |    31 ||   174
 Cast: Ensorcelled Hiber |       |     2 ||     2
  Use: Scroll            |     3 |       ||     3
       Potion            |       |     1 ||     1
 Stab: Sleeping          |     8 |     4 ||    12
       Distracted        |     1 |       ||     1
Armor: Robe              |    14 |     1 ||    15
Dodge: Dodged            |    95 |    17 ||   112
